 Dungeon Crawl Stone Soup version 0.30-a0-279-g4b46babb21 (webtiles) character file.

Game seed: 3981461262298114317

620 mandarbmax the Insei (level 7, -3/44 (46) HPs)
             Began as an Octopode Transmuter on Oct 16, 2022.
             Slain by an iguana (13 damage)
             ... on level 5 of the Dungeon.
             The game lasted 00:11:48 (4287 turns).

mandarbmax the Insei (Octopode Transmuter)          Turns: 4287, Time: 00:11:48

HP:   -3/44 (46)    AC:  2    Str:  9    XL:     7   Next: 46%
MP:   2/10          EV: 21    Int: 17    God:
Gold: 132           SH:  0    Dex: 18    Spells: 4/10 levels left

rFire   . . .      SeeInvis .      - Unarmed
rCold   . . .      Faith    .    (shield currently unavailable)
rNeg    . . .      Spirit   .    (helmet currently unavailable)
rPois   x          Reflect  .    j - amulet of the acrobat
rElec   .          Harm     .    (no ring)
rCorr   .          Rampage  .    (no ring)
Will    .....                    (no ring)
Stlth   ++........               (no ring)
HPRegen 0.27/turn                (no ring)
MPRegen 0.12/turn                (no ring)
                                 (no ring)
                                 (no ring)

@: spider-form, wereblooded (expiring), lightly drained
A: venomous fangs, almost no armour, (amphibious), 8 rings, tiny, (camouflage
1), (gelatinous body 1), (nimble swimmer 1), (tentacles)
a: End Transformation


You were on level 5 of the Dungeon.
You were a venomous arachnid creature.
You visited 1 branch of the dungeon, and saw 5 of its levels.
You also visited: Sewer.

You collected 132 gold pieces.

Inventory:

Missiles
 g - 18 poisoned darts
Jewellery
 j - an amulet of the acrobat (around neck)
 p - a ring of fire
Wands
 l - a wand of polymorph (4)
Scrolls
 b - a scroll of blinking
 e - a scroll of teleportation
 n - a scroll of brand weapon {unknown}
 o - a scroll of torment
 r - a scroll of fear {unknown}
 s - 2 scrolls of magic mapping {unknown}
Potions
 a - a potion of lignification
 c - a potion of degeneration {unknown}
 d - 4 potions of heal wounds {unknown}
 f - 3 potions of resistance
 h - 3 potions of might
 i - a potion of haste {unknown}
 k - 2 potions of mutation
 m - a potion of magic {unknown}
 q - a potion of invisibility {unknown}
 t - a potion of cancellation {unknown}


   Skills:
 - Level 3.0 Fighting
 - Level 4.0 Dodging
 + Level 6.0 Unarmed Combat
 - Level 2.0 Spellcasting
 + Level 4.0 Transmutations


You had 4 spell levels left.
You knew the following spells:

 Your Spells              Type           Power      Damage    Failure   Level
a - Beastly Appendage     Tmut           30%        N/A       12%         1
b - Wereblood             Tmut           15%        N/A       16%         2
c - Spider Form           Tmut/Pois      8%         N/A       47%         3

Your spell library contained the following spells:

 Spells                   Type           Power      Damage    Failure   Level
 Apportation              Tloc           2%         N/A       38%         1
 Necrotise                Necr           4%         1d4       38%         1
 Summon Small Mammal      Summ           4%         N/A       38%         1
 Sublimation of Blood     Necr           1%         N/A       50%         2
 Ice Form                 Ice/Tmut       8%         N/A       82%         4
 Petrify                  Tmut/Erth      8%         N/A       82%         4
 Irradiate                Conj/Tmut      4%         3d13      98%         5


Dungeon Overview and Level Annotations

Branches:
Dungeon (5/15)              Sewer (visited)
 Temple: D:4-7

Altars:


Innate Abilities, Weirdness & Mutations

You are a venomous arachnid creature.
You have poisonous fangs.
You are tiny and dextrous.
Your spellcasting is less reliable in this form.
Your armour is entirely melded.
You are incapable of wielding weapons or throwing items.
You cannot wear most types of armour.
((You are amphibious.))
You can wear up to eight rings at the same time.
((Your skin changes colour to match your surroundings (Stealth+).))
((Your rubbery body absorbs attacks. (AC +1, EV +1)))
((You are camouflaged when in or above water. (Stealth+)))
((You have tentacles for arms and can constrict up to eight enemies at once.))


Message History

The necrophage closely misses you. The orc barely misses you.
You barely miss the orc.
The orc is heavily wounded.
The necrophage closely misses you. The orc completely misses you.
You hit the necrophage.
The necrophage is moderately damaged.
The necrophage misses you. The orc barely misses you.
You hit the orc.
You feel a bit better.
You kill the orc!
The necrophage hits you.
* * * LOW HITPOINT WARNING * * *
You barely miss the necrophage.
The necrophage is moderately damaged.
The necrophage barely misses you.
You bite the necrophage!
The necrophage is severely damaged.
The necrophage barely misses you.
You hit the necrophage.
The necrophage is almost destroyed.
The necrophage hits you.
* * * LOW HITPOINT WARNING * * *
You barely miss the necrophage.
The necrophage is almost destroyed.
Your primal bloodlust is almost over.
The necrophage closely misses you.
You hit the necrophage but do no damage.
The necrophage is almost destroyed.
Your transformation has ended.
Casting: Spider Form (quite dangerous; 26% risk of failure)
Confirm with . or Enter, or press ? or * to list all spells.
The spell is quite dangerous to miscast (26% risk of failure)!
Continue anyway?
You turn into a venomous arachnid creature.
The necrophage hits you.
* * * LOW HITPOINT WARNING * * *
You feel drained.
* * * LOW HITPOINT WARNING * * *
The iguana misses you.
Unknown command.
You barely miss the iguana. The iguana bites you!
You die...

.o...............#
##...##............#
...##..............#
. #...#...........#
#...#.....##......#
......[<.##......#
...#.....##......#
.........#...ln)##
.##...........s.#
###..........##
##..........
###.........
#..........
#...........
.............
..............


You could see a necrophage and an iguana.

Vanquished Creatures
  A black bear (D:4)
  2 phantoms
  A kobold brigand (Sewer)
  A scorpion (D:4)
  2 hounds (D:4)
  An iguana (D:4)
  6 adders
  A river rat (Sewer)
  9 worms
  A dart slug (D:1)
  5 orcs
  6 ball pythons
  4 endoplasms
  A giant cockroach (D:2)
  4 goblins
  4 hobgoblins
  2 jackals (D:4)
  15 kobolds
  A quokka (D:2)
  2 bats
  3 frilled lizards
  7 rats
79 creatures vanquished.

Notes
Turn   | Place    | Note
-------+----------+-------------------------------------------
     0 | D:1      | mandarbmax the Octopode Transmuter began the quest for the
                  | Orb.
     0 | D:1      | Reached XP level 1. HP: 13/13 MP: 3/3
   493 | D:1      | Reached XP level 2. HP: 18/18 MP: 3/5
   845 | D:2      | Reached skill level 4 in Unarmed Combat
  1125 | D:2      | Reached XP level 3. HP: 23/23 MP: 4/6
  1233 | D:2      | Learned a level 2 spell: Wereblood
  1237 | D:2      | Learned a level 3 spell: Spider Form
  1284 | D:2      | Found a faded altar of an unknown god.
  2193 | D:3      | Reached XP level 4. HP: 27/28 MP: 5/7
  2452 | D:3      | Identified the +1 scale mail of Riekhlo Perch {Harm +Inv
                  | Int-2}
  2661 | D:4      | Noticed a phantom
  2682 | D:4      | Killed a phantom
  2683 | D:4      | Reached skill level 5 in Unarmed Combat
  2683 | D:4      | Reached XP level 5. HP: 22/33 MP: 6/8
  2981 | D:4      | Found a glowing drain.
  2993 | Sewer    | Entered a sewer
  3089 | Sewer    | Reached XP level 6. HP: 29/38 MP: 7/9
  3736 | D:4      | Noticed a black bear
  3740 | D:4      | Killed a black bear
  3741 | D:4      | Reached XP level 7. HP: 31/46 MP: 8/10
  4250 | D:5      | Entered Level 5 of the Dungeon
  4275 | D:5      | Reached skill level 6 in Unarmed Combat
  4287 | D:5      | Slain by an iguana

Illustrated notes

Levels and vault maps discovered:
D:1:      eino_arrival_water_star, layout_basic
D:2:      layout_basic, serial_rivers, chequers_serial_rivers_large_a,
          chequers_serial_rivers_small_3, chequers_serial_rivers_large_b,
          chequers_serial_rivers_small_a, chequers_serial_rivers_micro_c,
          basic_ecumenical_altar
D:3:      layout_basic
D:4:      layout_basic, cheibrodos_sewer_entry_sluice, minmay_circle_x
D:5:      layout_cave_pods, overflow_temple_1_default,
          minmay_temple_entry_poolview, hangedman_decor_peaks_small,
          uniq_eustachio

Skill      XL: |  1  2  3  4  5  6  7 |
---------------+----------------------+-----
Unarmed Combat | 4 5 6 |  6.0
Transmutations | 3 4 |  4.0
Dodging        | 4 |  4.0
Fighting       | 3 |  3.0
Spellcasting   | |  2.0

Action                   |  1- 3 |  4- 6 |  7- 9 || total
-------------------------+-------+-------+-------++-------
Melee: Unarmed           |    65 |   104 |    47 ||   216
       Tentacles         |     7 |    15 |     4 ||    26
       Constrict         |    11 |    19 |     6 ||    36
       Kick              |    16 |    33 |    11 ||    60
       Punch             |       |     2 |       ||     2
 Cast: Beastly Appendage |    28 |    26 |     6 ||    60
       Wereblood         |     1 |    12 |     4 ||    17
       Spider Form       |       |     1 |     3 ||     4
  Use: Scroll            |       |    10 |       ||    10
       Potion            |       |     1 |       ||     1
 Stab: Sleeping          |     8 |     5 |     1 ||    14
Armor: Skin              |     1 |     9 |     2 ||    12
Dodge: Dodged            |    32 |    58 |    33 ||   123

Table legend: (Time is in decaauts)
 A = Elapsed time spent in this place.
 B = Non-inter-level travel time spent in this place.
 C = Inter-level travel time spent in this place.
 D = Time resting spent in this place.
 E = Time spent auto-exploring this place.
 F = Levels seen in this place.
 G = Mean time per level.
                   A        B        C        D        E       F      G
               +--------+--------+--------+--------+--------+-----+--------+
         Total |   4267 |   4115 |    152 |     80 |   3053 |   6 |  711.2 |
       Dungeon |   3829 |   3677 |    152 |     75 |   2838 |   5 |  765.8 |
         Sewer |    437 |    437 |      0 |      5 |    215 |   1 |  437.0 |
               +--------+--------+--------+--------+--------+-----+--------+

Top non-repeatable levels by time:
     D:2: 1217 daAuts
     D:4: 1213 daAuts
     D:1: 725 daAuts
     D:3: 639 daAuts
   Sewer: 437 daAuts
     D:5: 33 daAuts
